 Dungeon Crawl Stone Soup version 0.29.1-2-gbd0b4ee654 (webtiles) character file.

Game seed: 960895186302294096

139 safid the Shooter (level 5, -3/47 HPs)
             Began as a Minotaur Hunter on Nov 17, 2022.
             Killed by divine providence
             ... invoked by an orc priest
              (12 damage)
             ... on level 3 of the Dungeon.
             The game lasted 00:03:04 (1712 turns).

safid the Shooter (Minotaur Hunter)                 Turns: 1712, Time: 00:03:05

Health: -3/47      AC:  6    Str: 16    XL:     5   Next: 1%
Magic:  4/4        EV: 10    Int:  6    God:
Gold:   166        SH:  0    Dex: 15    Spells: 4/4 levels left

rFire   . . .      SeeInvis .   a - +0 shortbow
rCold   . . .      Faith    .   (shield currently unavailable)
rNeg    . . .      Spirit   .   k - +0 scale mail
rPois   .          Reflect  .   (helmet restricted)
rElec   .          Harm     .   (no cloak)
rCorr   .          Rampage  .   (no gloves)
Will    .....                   (no boots)
Stlth   ..........              (no amulet)
HPRegen 0.15/turn               (no ring)
MPRegen 0.09/turn               (no ring)

@: no status effects
A: horns 2, retaliatory headbutt
a: no special abilities


You were on level 3 of the Dungeon.
You visited 1 branch of the dungeon, and saw 3 of its levels.

You collected 166 gold pieces.

Inventory:

Hand Weapons
 a - a +0 shortbow (weapon)
 j - the +7 Throatcutter {drain, coup de grace}
   (You took it off Terence on level 2 of the Dungeon)

   A truly terrible weapon, it drains the life of any living foe it strikes.
   It may instantly kill foes which have little health.
Armour
 k - a +0 scale mail (worn)
Jewellery
 l - a +4 ring of protection
Scrolls
 e - 2 scrolls of teleportation {unknown}
 g - a scroll of torment {unknown}
 h - a scroll of fog {unknown}
Potions
 b - 2 potions of haste {unknown}
 c - a potion of ambrosia {unknown}
 d - a potion of invisibility {unknown}
 f - 3 potions of attraction {unknown}
 i - a potion of degeneration {unknown}
 m - a potion of curing {unknown}


   Skills:
 + Level 4.7 Fighting
 + Level 5.8 Ranged Weapons
 - Level 2.1 Dodging
 - Level 0.7 Stealth


You had 4 spell levels left.
You didn't know any spells.
Your spell library was empty.

Dungeon Overview and Level Annotations

Branches:
Dungeon (3/15)

Altars:


Innate Abilities, Weirdness & Mutations

You have a pair of horns on your head.
You reflexively headbutt those who attack you in melee.


Message History

Unknown command.
Unknown command.
Unknown command.
Unknown command.
Unknown command.
Unknown command.
Unknown command.
Unknown command.
Unknown command.
Fire: a) +0 shortbow
Press: ? - help, Q - select action Shift-Dir - straight line, f/p - Ijyb
Aim: Ijyb, wielding a +0 club, wearing a +0 leather armour and carrying a wand of paralysis (2) (almost dead, 56% to hit)
You shoot an arrow. The arrow hits Ijyb!
You kill Ijyb!
You have reached level 5!
Unknown command.
Fire: a) +0 shortbow
Press: ? - help, Q - select action Shift-Dir - straight line, f - orc
Aim: an orc, wielding a +0 club (heavily wounded, 63% to hit)
You shoot an arrow. The arrow barely misses the orc.
The arrow closely misses the orc priest.
The arrow closely misses the orc.
The orc hits you with a +0 club.
* * * LOW HITPOINT WARNING * * *
The orc hits you but does no damage.
Fire: a) +0 shortbow
Press: ? - help, Q - select action Shift-Dir - straight line, f/p - orc
Aim: an orc, wielding a +0 club (heavily wounded, 63% to hit)
You shoot an arrow. The arrow hits the orc.
You kill the orc!
Unknown command.
Fire: a) +0 shortbow
Press: ? - help, Q - select action Shift-Dir - straight line, f - orc priest
Aim: an orc priest, wielding a +0 club (63% to hit)
You shoot an arrow. Something hits you.
* * * LOW HITPOINT WARNING * * *
The orc priest invokes the aid of Beogh against you.
Beogh smites you!
You die...

..##########
...oro)@>..#
...#######.#
#.# #.# .#
#.# ..## #.#
....... ..#
#.# .......
..# #.#
....... #.#
#.#


You could see an orc priest, an orc and a rat.

Vanquished Creatures
  Terence (D:2)
  Ijyb (D:3)
  4 gnolls
  2 dart slugs (D:1)
  An orc (D:3)
  2 ball pythons
  8 endoplasms
  6 goblins (D:1)
  3 hobgoblins
  3 kobolds
  A quokka (D:2)
  3 bats
  2 frilled lizards (D:1)
  8 rats
45 creatures vanquished.

Notes
Turn   | Place    | Note
-------+----------+-------------------------------------------
     0 | D:1      | safid the Minotaur Hunter began the quest for the Orb.
     0 | D:1      | Reached XP level 1. HP: 18/18 MP: 0/0
   239 | D:1      | Reached XP level 2. HP: 25/25 MP: 1/1
   417 | D:1      | Reached XP level 3. HP: 31/31 MP: 2/2
   418 | D:1      | Reached skill level 5 in Ranged Weapons
   807 | D:2      | Noticed Terence
   814 | D:2      | Killed Terence
   982 | D:2      | Reached XP level 4. HP: 40/40 MP: 3/3
  1686 | D:3      | Noticed Ijyb
  1689 | D:3      | Paralysed by Ijyb for 3 turns
  1699 | D:3      | Paralysed by Ijyb for 5 turns
  1707 | D:3      | Paralysed by Ijyb for 2 turns
  1709 | D:3      | Killed Ijyb
  1710 | D:3      | Reached XP level 5. HP: 13/47 MP: 4/4
  1712 | D:3      | Killed from afar by an orc priest

Illustrated notes

Levels and vault maps discovered:
D:1:      mrwooster_arrival_statue_2, layout_basic, moated_statue, st_stairs_6
D:2:      layout_loops_ring, ebering_dispersal_statue_hall, uniq_terence
D:3:      layout_loops_ring, uniq_ijyb

Skill      XL: |  1  2  3 |
---------------+----------+-----
Fighting       | 3 4 |  4.7
Ranged Weapons | 5 |  5.8
Dodging        | |  2.1
Stealth        | |  0.7

Action                   |  1- 3 |  4- 6 || total
-------------------------+-------+-------++-------
 Fire: Shortbow          |    64 |    56 ||   120
Armor: Scale mail        |     7 |     3 ||    10
Dodge: Dodged            |    13 |    16 ||    29
